AoeStats
← anmolmaly

Arena

510409239Analyzed
1v1 RM · 22h ago on Sep 30, 2026· 58m 10s· 2 players
Game mode
Random Map
Map size
Tiny (2 player)
Population
200
Speed
Normal
Resources
Standard
Victory
Conquest
Starting age
Dark Age
Ending age
Imperial Age
RankedLock teamsTeams togetherTeam positionsShared explorationLock speedFull tech treeHidden civsTurbo modeCheats
Victory
Defeat
🇲🇽 Bulgarians · Mexico
1755
+13
🇮🇳 Armenians · India
1688
-13
anmolmaly
10:21 Feudal Age
14:01 Castle Age
12:12 Double-Bit Axe
12:33 Horse Collar
20:13 Bow Saw
21:46 Loom
23:00 Heavy Plow
25:26 Wheelbarrow
26:51 Hand Cart
30:24 Imperial Age
27:51 Fletching
28:23 Scale Mail Armor
28:33 Forging
28:25 Squires
28:11 Arson
28:37 Gold Mining
28:37 Stone Mining
28:55 Bodkin Arrow
29:32 Chain Mail Armor
29:46 Ballistics
31:21 Iron Casting
31:09 Fereters
31:26 Conscription
30:36 Elite Composite Bowman
32:27 Chemistry
31:37 Bracer
32:59 Plate Mail Armor
34:34 Blast Furnace
33:35 Padded Archer Armor
35:35 Guilds
37:58 Leather Archer Armor
38:41 Sanctity
38:33 Fervor
38:21 Herbal Medicine
40:46 Ring Archer Armor
43:55 Masonry
43:57 Fortified Wall
43:32 Treadmill Crane
46:33 Pikeman
47:02 Halberdier
47:49 Elite Skirmisher
LittleHog
11:20 Feudal Age
15:15 Castle Age
13:21 Horse Collar
14:09 Double-Bit Axe
17:09 Bow Saw
16:38 Light Cavalry
22:30 Wheelbarrow
23:36 Hand Cart
29:24 Imperial Age
28:38 Loom
29:34 Ballistics
29:41 Husbandry
29:52 Fletching
30:06 Padded Archer Armor
29:43 Elite Skirmisher
31:08 Conscription
30:46 Bodkin Arrow
31:06 Leather Archer Armor
31:56 Bracer
33:22 Chemistry
33:39 Bloodlines
34:23 Parthian Tactics
34:04 Thumb Ring
34:52 Onager
36:31 Heavy Cavalry Archer
40:45 Hussar
41:50 Scale Barding Armor
41:59 Forging
41:55 Stirrups
42:46 Chain Barding Armor
42:38 Siege Onager
44:39 Plate Barding Armor
45:04 Iron Casting
47:35 Siege Engineers
49:20 Blast Furnace
54:22 Capped Ram
Connection lost

Rejoining the realm…

Still unreachable

The connection could not be restored.

Session expired

The server has moved on; the page needs a fresh start.